 Dungeon Crawl Stone Soup version 0.25.1-1-g288607f5aa (webtiles) character file.

Game seed: 97772439081104444

88 H0rd4k the Insei (level 4, -6/28 HPs)
             Began as an Octopode Transmuter on July 20, 2020.
             Mangled by Grinder (8 damage)
             ... while paralysed by Grinder
             ... on level 3 of the Dungeon.
             The game lasted 00:02:17 (2783 turns).

H0rd4k the Insei (Octopode Transmuter)              Turns: 2783, Time: 00:02:18

Health: -6/28      AC:  1    Str:  9    XL:     4   Next: 54%
Magic:  6/7        EV:  2    Int: 16    God:
Gold:   125        SH:  0    Dex: 12    Spells: 6/7 levels left

rFire    . . .     SeeInvis +     - Unarmed
rCold    . . .     Gourm    .   (no shield)
rNeg     . . .     Faith    .   (helmet restricted)
rPois    .         Spirit   .   (no amulet)
rElec    .         Reflect  .   b - ring of wizardry
rCorr    .         Harm     .   d - ring of see invisible
MR       .....                  (no ring)
Stlth    +++.......             (no ring)
HPRegen  0.09/turn              (no ring)
MPRegen  0.10/turn              (no ring)
                                (no ring)
                                (no ring)

@: paralysed, appendage (expiring)
A: almost no armour, stealthy swim, amphibious, 8 rings, constrict 8, tentacle
spike 3, camouflage 1, gelatinous body 1
a: End Transformation


You were on level 3 of the Dungeon.
You were not hungry.
One of your tentacles had a temporary spike.
You visited 1 branch of the dungeon, and saw 3 of its levels.

You collected 125 gold pieces.

Inventory:

Missiles
 a - 60 arrows
 e - 23 poisoned darts (quivered)
Jewellery
 b - a ring of wizardry (left tentacle)
 d - a ring of see invisible (right tentacle)
Wands
 l - a wand of enslavement (10)
Scrolls
 f - a scroll of identify {unknown}
 h - 2 scrolls of enchant weapon {unknown}
 j - a scroll of remove curse {unknown}
 k - a scroll of teleportation {unknown}
 n - a scroll of amnesia {unknown}
Potions
 g - a potion of curing {unknown}
 i - a potion of haste {unknown}
Comestibles
 c - 9 rations
 m - a chunk of flesh


   Skills:
 + Level 1.2 Fighting
 + Level 2.1 Dodging
 + Level 2.1 Stealth
 + Level 4.1 Unarmed Combat
 * Level 2.4 Spellcasting
 * Level 2.4 Transmutations


You had 6 spell levels left.
You knew the following spells:

 Your Spells              Type           Power        Failure   Level  Hunger
a - Beastly Appendage     Tmut           #.....       3%          1    #......

Your spell library contained the following spells:

 Spells                   Type           Power        Failure   Level  Hunger
 Sticks to Snakes         Tmut           #.......     4%          2    ###....
 Spider Form              Tmut/Pois      #.........   16%         3    ###....
 Ice Form                 Ice/Tmut       #.......     43%         4    #####..
 Blade Hands              Tmut           #.........   58%         5    ######.


Dungeon Overview and Level Annotations

Branches:
Dungeon (3/15)

Altars:
Qazlal

Annotations:
D:3 Grinder


Innate Abilities, Weirdness & Mutations

You cannot wear most types of armour.
You are very stealthy in the water. (Stealth+)
You are amphibious.
You can wear up to eight rings at the same time.
You can use your tentacles to constrict eight enemies at once.
Your skin changes colour to match your surroundings (Stealth+).
Your rubbery body absorbs attacks. (AC +1, EV +1)
One of your tentacles bears a large vicious spike.


Message History

Grinder gestures at you.
You shrug off the repeated paralysis!
Grinder says, "Tell me all your secrets, or I'll kill you."
Grinder blinks!
Grinder hits you.
You writhe in agony.
You can move again.
Casting: Beastly Appendage (safe; 3% risk of failure)
Confirm with . or Enter, or press ? or * to list all spells.
One of your tentacles grows a vicious spike.
Your transformation is almost over.
Grinder hits you!
You barely miss Grinder. Your grab misses Grinder. Your squeeze misses Grinder.
Grinder gestures at you.
You suddenly lose the ability to move!
Grinder hits you.
* * * LOW HITPOINT WARNING * * *
You writhe in agony.
* * * LOW HITPOINT WARNING * * *
Grinder hits you!
You die...

###### ###....####
#.........#
...#####.#....@#.##
.<.......#....#5..#
#.#######..#....#8.8#
#.#....)...##.###...#
....####.......##8.8#
....#...........#...###
.........#.######♣.♣#.#
.........#.# #...#.#
### .........#.#
#8.♣#.# #.#


You could see Grinder.

Vanquished Creatures
  4 adders (D:2)
  An ooze (D:2)
  2 worms
  A dart slug (D:1)
  A ball python (D:3)
  7 goblins
  7 hobgoblins
  3 bats
  5 frilled lizards
  6 kobolds
  6 rats
43 creatures vanquished.

Notes
Turn   | Place    | Note
-------+----------+-------------------------------------------
     0 | D:1      | H0rd4k the Octopode Transmuter began the quest for the Orb.
     0 | D:1      | Reached XP level 1. HP: 13/13 MP: 3/3
   195 | D:1      | Reached XP level 2. HP: 18/18 MP: 5/5
   860 | D:1      | Reached skill level 1 in Stealth
  1242 | D:2      | Reached XP level 3. HP: 20/23 MP: 4/6
  1245 | D:2      | Reached skill level 4 in Unarmed Combat
  1534 | D:2      | Found a stormy altar of Qazlal.
  2041 | D:2      | Reached XP level 4. HP: 11/28 MP: 7/7
  2768 | D:3      | Noticed Grinder
  2774 | D:3      | Paralysed by Grinder for 4 turns
  2781 | D:3      | Paralysed by Grinder for 4 turns
  2783 | D:3      | Mangled by Grinder

Illustrated notes

Levels and vault maps discovered:
D:1:      dpeg_arrival_morbid_curiosity, layout_loops_corners,
          grunt_decor_fettered
D:2:      layout_loops_ring, overflow_temple_1_default, first_ration
D:3:      layout_basic, chequers_avenue, minmay_stone_trees_small,
          grunt_qazlal_clouds, uniq_terence, uniq_robin, uniq_natasha,
          uniq_grinder

Skill      XL: |  1  2  3  4 |
---------------+-------------+-----
Stealth        | 1 2 |  2.1
Unarmed Combat | 4 |  4.1
Fighting       | |  1.2
Dodging        | |  2.1
Spellcasting   | |  2.4
Transmutations | |  2.4

Action                   |  1- 3 |  4- 6 || total
-------------------------+-------+-------++-------
Melee: Unarmed           |    72 |    24 ||    96
       Constrict         |    22 |     7 ||    29
       Tentacles         |    12 |     6 ||    18
       Kick              |     4 |     4 ||     8
       Punch             |     2 |       ||     2
 Cast: Beastly Appendage |     3 |     5 ||     8
 Stab: Sleeping          |     8 |     1 ||     9
  Eat: Chunk             |     3 |     3 ||     6
Armor: Skin              |     3 |     2 ||     5
Dodge: Dodged            |    36 |    13 ||    49
